 Dungeon Crawl Stone Soup version 0.21-a0-404-g291f19a (webtiles) character file.

36 agentp the Grave Robber (level 3, -1/24 HPs)
             Began as a Mummy Necromancer on Oct 26, 2017.
             Slain by an adder (4 damage)
             ... on level 3 of the Dungeon.
             The game lasted 00:02:37 (1564 turns).

agentp the Grave Robber (Mummy Necromancer)         Turns: 1564, Time: 00:02:38

Health: -1/24      AC:  9    Str: 11    XL:     3   Next: 19%
Magic:  2/7        EV: 12    Int: 15    God:
Gold:   116        SH:  0    Dex: 12    Spells: 6/8 levels left

rFire    . . .     SeeInvis .   e - +1 mace (protect)
rCold    . . .     Gourm    .   (no shield)
rNeg     + + +     Faith    .   a - +0 robe
rPois    ∞         Spirit   .   (no helmet)
rElec    .         Reflect  .   (no cloak)
rCorr    .         Harm     .   (no gloves)
MR       .....                  (no boots)
Stlth    ++........             (no amulet)
HPRegen  0.08/turn              i - ring of wizardry
MPRegen  0.10/turn              h - ring of fire

@: protection aura
A: no food or potions, fire vulnerability, cold resistance 1, negative energy
resistance 3, torment resistance, unbreathing
a: no special abilities


You were on level 3 of the Dungeon.
You were not hungry.

You visited 1 branch of the dungeon, and saw 3 of its levels.

You collected 116 gold pieces.

Inventory:

Hand Weapons
 e - a +1 mace of protection (weapon)
Armour
 a - a +0 robe (worn)
Jewellery
 g - a +4 ring of dexterity
 h - a ring of fire (right hand)
 i - a ring of wizardry (left hand)
Scrolls
 c - 2 scrolls of remove curse {unknown}
 d - 2 scrolls of identify {unknown}
 f - a scroll of amnesia {unknown}
 j - a scroll of magic mapping {unknown}
Books
 b - a book of Necromancy

   Spells                             Type                      Level
   a - Pain                           Necromancy                   1
   b - Animate Skeleton               Necromancy                   1
   c - Vampiric Draining              Necromancy                   3
   d - Regeneration                   Charms/Necromancy            3
   e - Animate Dead                   Necromancy                   4
   f - Control Undead                 Necromancy                   4


   Skills:
 - Level 1.5 Dodging
 - Level 1.5 Stealth
 + Level 3.4 Spellcasting
 * Level 4.8 Necromancy


You had 6 spell levels left.
You knew the following spells:

 Your Spells              Type           Power        Failure   Level  Hunger
a - Pain                  Necr           ###.         1%          1    N/A
b - Animate Skeleton      Necr           N/A          1%          1    N/A

Dungeon Overview and Level Annotations

Branches:
Dungeon (3/15)

Altars:

Annotations:
D:2 Natasha


Innate Abilities, Weirdness & Mutations

You do not eat or drink.
Your flesh is vulnerable to fire.
You are immune to poison.
Your flesh is cold resistant. (rC+)
You are immune to negative energy. (rN+++)
You are immune to unholy pain and torment.
You can survive without breathing.


Message History

The adder barely resists.
The adder bites you. The adder closely misses you.
You closely miss the adder.
The adder is lightly wounded.
The adder barely misses you.
You closely miss the adder.
The adder is lightly wounded.
The adder closely misses you. The adder barely misses you.
Unknown command.
You closely miss the adder.
The adder is lightly wounded.
The adder bites you. x2
* * * LOW HITPOINT WARNING * * *
Unknown command.
You sock the adder!
Your weapon exudes an aura of protection.
The adder is almost dead.
The adder bites you.
* * * LOW HITPOINT WARNING * * *
The adder bites you.
You die...

## ..# #
##+#.##. #......
#....#####
#######.........
.............##
#......%?#
#.#†?.@..#
+..##.S###
#<....$.#
#...#.#.#
#...#.#?#
.....#...#
##.%.....#
.....#### #....#


You could see an adder.

Vanquished Creatures
  2 adders
  A dart slug (D:1)
  A leopard gecko (D:1)
  A giant cockroach (D:1)
  2 goblins (D:1)
  4 jackals (D:1)
  A bat (D:1)
  2 kobolds
  A rat (D:3)
15 creatures vanquished.

Notes
Turn   | Place    | Note
-------+----------+-------------------------------------------
     0 | D:1      | agentp the Mummy Necromancer began the quest for the Orb.
     0 | D:1      | Reached XP level 1. HP: 13/13 MP: 4/4
   340 | D:1      | Reached XP level 2. HP: 15/19 MP: 6/6
   397 | D:1      | Learned a level 1 spell: Animate Skeleton
  1283 | D:2      | Noticed Natasha
  1290 | D:2      | Noticed a crimson imp
  1547 | D:3      | Reached XP level 3. HP: 22/24 MP: 4/7
  1564 | D:3      | Slain by an adder

Vault maps used:
D:1:      minmay_arrival_loop
D:2:      uniq_natasha, uniq_jessica
D:3:      demons_altar, old_standard_altar, first_bread, uniq_crazy_yiuf_cottage

Skill      XL: |  1 |
---------------+----+-----
Spellcasting   | 3 |  3.4
Dodging        | |  1.5
Stealth        | |  1.5
Necromancy     | |  4.8

Action                   || total
-------------------------++-------
Melee: Mace              ||    38
 Cast: Pain              ||    21
       Animate Skeleton  ||     1
 Stab: Sleeping          ||     1
Armor: Robe              ||    19
Dodge: Dodged            ||    36

Table legend:
 A = Spawn XP
 B = Non-spawn XP
 C = Spawn XP percentage of total XP
 D = Spawn monster count
 E = Non-spawn monster count
 F = Spawn count percentage of total count
 G = Total turns spent on level
                    A         B        C        D         E        F      G
               +---------+---------+-------+---------+---------+-------+---------
         Total |       0 |      52 |   0.0 |       0 |      15 |   0.0 |  1564
               +---------+---------+-------+---------+---------+-------+---------
           D:1 |       0 |      23 |   0.0 |       0 |      11 |   0.0 |  1256
           D:2 |       0 |      15 |   0.0 |       0 |       2 |   0.0 |   283
           D:3 |       0 |      14 |   0.0 |       0 |       2 |   0.0 |    25
               +---------+---------+-------+---------+---------+-------+---------
